Map: 2000 Atmospheres LE

Players

Solar - Winner!

  • Race: Zerg Zerg

Neeb

  • Race: Protoss Protoss

Event: ASUS ROG Fall 2021

VOD

Have the link to the VOD?

Description

Time

  • Played on: Sept. 17, 2021, 2:03 p.m.
  • Length: 16:13

All games in this series

Show
View Real Time Build Order
Export as new Build Order

Solar Zerg - Winner!

Build Orders: Hatch First, Muta Ling Bane 

Get SALT Encoding   

  12  0:00  Drone  
  13  0:12  Overlord  
  13  0:17  Drone  
  14  0:31  Drone x2  
  16  0:48  Hatchery  
  15  0:50  Drone  
  15  0:54  Drone  
  17  0:58  Drone  
  18  1:08  Extractor  
  17  1:13  Spawning Pool  
  17  1:15  Drone  
  17  1:19  Drone  
  18  1:28  Drone  
  19  1:39  Drone  
  20  1:49  Overlord  
  20  1:59  Queen  
  20  2:00  Queen  
  24  2:02  Zergling x2  
  24  2:03  Drone  
  26  2:11  Metabolic Boost  
  26  2:13  Drone x2  
  28  2:23  Drone x2  
  30  2:34  Hatchery  
  30  2:36  Drone  
  30  2:43  Queen  
  32  2:47  Overlord  
  32  2:49  Drone  
  33  2:51  Drone  
  33  2:55  Drone x2  
  36  3:06  Drone x2  
  36  3:09  Zergling x2  
  36  3:10  Drone x2  
  36  3:11  Queen  
  43  3:15  Overlord  
  43  3:18  Drone  
  44  3:22  Spore Crawler  
  43  3:32  Zergling x2  
  43  3:33  Queen  
  43  3:34  Zergling x2  
  47  3:37  Zergling x2  
  47  3:39  Spore Crawler  
  47  3:43  Drone x2  
  47  3:45  Zergling x2  
  47  3:46  Drone x2  
  47  3:47  Queen  
  53  3:50  Drone  
  53  3:53  Overlord  
  54  3:59  Drone x3  
  57  4:07  Overlord  
  57  4:09  Overlord  
  57  4:13  Zergling x4  
  57  4:15  Drone  
  57  4:16  Drone x2  
  62  4:20  Drone x3  
  62  4:22  Overlord  
  65  4:26  Drone  
  65  4:28  Lair, Drone  
  67  4:31  Roach Warren  
  67  4:35  Drone  
  67  4:36  Drone  
  67  4:37  Drone x2  
  68  4:38  Drone  
  68  4:41  Drone x2  
  68  4:44  Extractor  
  70  4:46  Extractor  
  70  4:48  Zergling x8  
  70  4:49  Drone  
  70  4:50  Drone  
  70  4:52  Zergling x4  
  73  4:54  Zergling x2  
  73  4:56  Zergling x2  
  74  5:04  Drone  
  74  5:06  Drone x4  
  77  5:07  Drone  
  77  5:13  Drone x3  
  77  5:14  Drone  
  82  5:15  Drone  
  82  5:17  Overlord  
  82  5:18  Extractor x2  
  80  5:23  Spore Crawler  
  80  5:25  Drone  
  80  5:27  Drone  
  80  5:28  Drone x2  
  80  5:29  Drone x2  
  80  5:33  Extractor, Spire  
  80  5:35  Drone x2  
  81  5:41  Drone x3  
  84  5:43  Glial Reconstitution  
  84  5:44  Overlord  
  84  5:46  Drone  
  84  5:47  Drone  
  86  5:50  Overlord  
  86  5:52  Zergling x6  
  86  5:54  Overseer  
  86  5:57  Zergling x2  
  86  5:58  Zergling x4  
  87  6:08  Overlord  
  87  6:09  Drone, Hatchery  
  87  6:12  Drone  
  87  6:13  Overlord  
  87  6:14  Drone  
  87  6:16  Evolution Chamber  
  87  6:18  Overlord  
  88  6:21  Drone  
  88  6:22  Drone  
  88  6:24  Overlord  
  90  6:36  Overlord  
  89  6:44  Roach x3  
  89  6:45  Mutalisk x7  
  106  6:47  Zerg Missile Weapons Level 1  
  106  6:51  Zergling x4  
  106  6:53  Drone x2  
  106  6:54  Extractor, Drone  
  111  6:55  Roach  
  111  6:56  Roach x3  
  118  7:04  Roach  
  118  7:05  Overlord  
  118  7:07  Overlord  
  120  7:13  Roach  
  122  7:17  Roach x2  
  122  7:21  Roach x3  
  132  7:24  Roach  
  132  7:28  Roach x3  
  140  7:32  Overlord  
  140  7:33  Roach x3  
  140  7:34  Ravager x2  
  140  7:35  Ravager  
  149  7:42  Roach x5  
  155  7:47  Roach x2  
  155  7:49  Overlord  
  155  7:50  Overseer  
  157  7:52  Roach x4  
  157  7:57  Roach  
  167  7:59  Overlord x2  
  167  8:02  Overlord  
  167  8:09  Ravager x2, Zergling x2  
  167  8:10  Zergling x10, Ravager x3  
  170  8:13  Roach x2  
  170  8:15  Roach  
  170  8:18  Roach x3  
  170  8:19  Zergling x2  
  182  8:20  Zergling x4  
  182  8:24  Zergling x6  
  182  8:25  Ravager  
  186  8:33  Zergling x8  
  173  8:36  Roach x4  
  173  8:38  Roach  
  173  8:39  Ravager x2  
  173  8:40  Queen  
  175  8:42  Zergling x2  
  175  8:43  Ravager  
  175  8:44  Zergling x4  
  175  8:47  Roach x2  
  175  8:48  Roach x2  
  185  8:52  Ravager  
  185  8:53  Zergling x2  
  185  8:54  Zergling x2  
  188  8:58  Baneling Nest  
  188  9:00  Zergling x2  
  188  9:01  Zergling x8  
  188  9:02  Zerg Melee Weapons Level 1  
  180  9:06  Zergling x4  
  159  9:10  Zergling x8  
  159  9:11  Zergling x2  
  159  9:15  Roach  
  144  9:17  Zergling x4  
  144  9:18  Zergling x2  
  144  9:24  Zergling x6  
  148  9:30  Roach x2  
  141  9:34  Roach x2  
  141  9:36  Roach  
  142  9:41  Zergling x8, Centrifical Hooks  
  142  9:45  Ravager, Roach  
  149  9:46  Roach x2  
  149  9:49  Zergling x4  
  149  9:52  Roach  
  157  9:57  Hatchery, Roach x2  
  152  10:01  Zergling x2  
  152  10:03  Ravager  
  152  10:04  Drone  
  155  10:09  Drone x2  
  155  10:11  Zergling x18  
  155  10:13  Zergling x8  
  170  10:18  Ravager, Zergling x2  
  170  10:21  Zergling x6  
  175  10:24  Queen  
  175  10:28  Roach  
  179  10:29  Ravager  
  179  10:32  Baneling x7  
  179  10:33  Baneling x21  
  179  10:34  Baneling x7  
  179  10:35  Zergling x6  
  183  10:40  Drone x2  
  183  10:41  Zergling x6, Drone  
  183  10:42  Zergling x2  
  190  10:46  Baneling x10  
  190  10:47  Baneling x2  
  190  10:51  Zergling x8  
  190  10:55  Zergling x10  
  198  10:58  Zergling x4  
  198  11:01  Baneling x5  
  200  11:07  Zergling x2  
  200  11:08  Zergling x2  
  200  11:09  Zergling x2  
  200  11:11  Zergling x4  
  199  11:16  Zergling x8  
  177  11:18  Zergling x2  
  177  11:19  Zergling x10  
  177  11:22  Roach  
  177  11:23  Roach  
  177  11:24  Pneumatized Carapace  
  178  11:30  Zergling x6, Zerg Melee Weapons Level 2  
  175  11:36  Zergling x8  
  165  11:41  Zergling x10  
  165  11:42  Ravager x2  
  160  11:50  Roach x3  
  160  11:53  Zergling x4  
  150  11:59  Zergling x12, Queen  
  150  12:00  Ravager  
  150  12:01  Ravager  
  160  12:02  Baneling x12  
  160  12:03  Baneling x6  
  160  12:07  Zergling x10  
  165  12:10  Ravager  
  165  12:11  Zergling x6  
  165  12:13  Overlord  
  165  12:14  Baneling x2  
  165  12:15  Baneling x3  
  169  12:16  Baneling  
  169  12:17  Zergling x2  
  169  12:18  Zergling x2  
  169  12:21  Zergling x4  
  173  12:23  Zergling x4  
  173  12:27  Zergling x10  
  180  12:34  Zergling x10  
  183  12:37  Zergling x6  
  183  12:39  Baneling x11  
  183  12:43  Zergling x6  
  186  12:47  Baneling x2  
  181  12:54  Zergling x14  
  183  12:58  Baneling  
  183  12:59  Baneling x19  
  183  13:03  Spine Crawler  
  183  13:04  Zergling x8  
  186  13:07  Zergling x2  
  186  13:08  Zergling x2  
  186  13:12  Zergling x10  
  182  13:14  Zergling x2  
  157  13:21  Roach x3  
  148  13:27  Roach x3  
  148  13:31  Zergling x2, Roach x6  
  154  13:34  Zergling x8  
  154  13:36  Zergling x2  
  154  13:43  Zergling x6  
  154  13:45  Ravager  
  154  13:48  Baneling x11  
  155  13:49  Zergling x6  
  155  13:51  Ravager  
  155  13:55  Zergling x8  
  163  13:57  Ravager  
  163  13:58  Baneling x7  
  163  14:00  Zergling x2  
  165  14:03  Zergling x10, Ravager  
  165  14:04  Zergling x2  
  165  14:05  Zergling x4  
  165  14:06  Ravager  
  165  14:08  Zergling x4  
  177  14:14  Baneling x6  
  177  14:15  Zergling x6  
  180  14:21  Zergling x6  
  170  14:27  Zergling x4  
  159  14:31  Roach x3  
  159  14:34  Zergling x10  
  159  14:36  Zergling x18  
  167  14:48  Zergling x10  
  167  14:50  Baneling x12  
  168  14:53  Zergling x2  
  168  14:58  Zergling x8  
  168  14:59  Baneling  
  173  15:00  Baneling x12  
  173  15:01  Baneling  
  173  15:02  Ravager  
  173  15:04  Roach  
  176  15:07  Baneling x7  
  176  15:08  Baneling  
  176  15:10  Zergling x4  
  176  15:12  Zergling x4  
  176  15:13  Baneling x2  
  180  15:17  Zergling x8  
  180  15:20  Baneling x2  
  184  15:21  Baneling x3  
  184  15:22  Zergling x4  
  184  15:24  Zergling x2  
  184  15:28  Zergling x8  
  189  15:33  Zergling x10  
  176  15:37  Zergling x8  
  170  15:43  Roach x2  
  170  15:48  Zergling x2  
  170  15:49  Zergling x14  
  164  15:52  Roach  
  164  15:55  Zergling x4  
Show
View Real Time Build Order
Export as new Build Order

Neeb Protoss 

Build Orders: 1 Gate Expand, Oracle Opening, Archon Immortal 

Get SALT Encoding   

  12  0:00  Probe  
  13  0:12  Probe  
  14  0:17  Pylon  
  14  0:24  Probe (Chrono Boost)  
  15  0:36  Probe (Chrono Boost)  
  15  0:38  Gateway  
  16  0:45  Probe (Chrono Boost)  
  16  0:46  Assimilator  
  17  0:51  Probe  
  18  1:03  Probe  
  19  1:15  Probe  
  20  1:24  Nexus  
  20  1:33  Cybernetics Core  
  20  1:36  Probe  
  21  1:42  Assimilator  
  21  1:48  Probe  
  21  1:50  Pylon  
  22  2:00  Probe (Chrono Boost)  
  23  2:09  Adept  
  23  2:10  Probe (Chrono Boost)  
  23  2:15  Probe (Chrono Boost)  
  26  2:19  Stargate  
  27  2:27  Probe (Chrono Boost)  
  27  2:29  Warp Gate  
  28  2:37  Probe (Chrono Boost)  
  30  2:38  Probe (Chrono Boost)  
  30  2:39  Adept  
  34  2:45  Probe x2 (Chrono Boost)  
  34  2:50  Probe (Chrono Boost)  
  34  2:52  Pylon  
  34  2:53  Probe  
  36  3:01  Oracle (Chrono Boost)  
  36  3:02  Probe  
  36  3:05  Probe  
  41  3:09  Adept  
  43  3:14  Gateway  
  43  3:16  Probe  
  43  3:18  Probe  
  45  3:28  Probe  
  45  3:30  Probe  
  47  3:40  Probe  
  47  3:42  Oracle (Chrono Boost), Probe  
  51  3:51  Nexus  
  51  3:52  Probe  
  52  3:57  Pylon  
  52  3:58  Probe  
  53  4:04  Pylon  
  53  4:06  Probe  
  54  4:14  Assimilator, Oracle (Chrono Boost)  
  54  4:15  Probe  
  54  4:16  Assimilator  
  58  4:18  Adept x2  
  58  4:22  Probe  
  63  4:27  Pylon  
  63  4:28  Probe  
  64  4:34  Probe  
  65  4:40  Void Ray (Chrono Boost), Probe  
  66  4:46  Probe  
  66  4:52  Probe  
  70  4:59  Probe  
  66  5:03  Probe  
  66  5:04  Probe  
  66  5:05  Robotics Facility  
  68  5:09  Shield Battery  
  68  5:11  Probe  
  67  5:15  Adept, Sentry, Probe  
  67  5:16  Probe  
  67  5:20  Pylon  
  71  5:23  Probe  
  71  5:27  Probe  
  74  5:28  Probe  
  74  5:33  Forge  
  74  5:34  Twilight Council  
  74  5:35  Probe (Chrono Boost)  
  72  5:37  Sentry  
  72  5:39  Zealot, Probe (Chrono Boost)  
  72  5:41  Assimilator  
  78  5:43  Assimilator  
  78  5:44  Pylon  
  78  5:46  Probe (Chrono Boost)  
  78  5:47  Probe (Chrono Boost)  
  78  5:49  Gateway  
  80  5:50  Probe (Chrono Boost)  
  80  5:51  Gateway  
  80  5:56  Probe x2 (Chrono Boost)  
  77  5:58  Probe  
  77  6:00  Sentry x2  
  77  6:01  Immortal (Chrono Boost)  
  79  6:07  Protoss Ground Weapons Level 1  
  83  6:12  Gateway  
  83  6:14  Gateway  
  83  6:15  Gateway  
  83  6:17  Gateway  
  83  6:23  Pylon  
  83  6:30  Pylon, Sentry, Zealot  
  83  6:31  Templar Archives  
  87  6:33  Pylon  
  87  6:34  Immortal (Chrono Boost)  
  87  6:35  Photon Cannon  
  89  6:53  Pylon  
  89  6:54  Pylon  
  89  6:55  Probe  
  89  6:56  Pylon  
  89  6:58  Phoenix (Chrono Boost)  
  92  7:03  Shield Battery  
  92  7:05  Photon Cannon  
  92  7:08  Shield Battery  
  92  7:10  Pylon  
  92  7:11  Immortal  
  92  7:12  High Templar  
  92  7:13  High Templar, Zealot x2  
  104  7:17  Phoenix (Chrono Boost)  
  104  7:18  Photon Cannon  
  104  7:21  Archon  
  106  7:27  Probe  
  106  7:28  Probe  
  107  7:35  Phoenix (Chrono Boost)  
  107  7:39  Probe  
  108  7:49  Immortal (Chrono Boost)  
  110  7:52  High Templar x2, Zealot x3, Phoenix  
  110  7:57  Nexus  
  122  7:58  Pylon  
  122  8:03  Probe x2  
  122  8:05  Probe  
  125  8:14  Archon  
  125  8:15  Probe  
  125  8:16  Stalker  
  125  8:17  Stalker x3, Immortal (Chrono Boost)  
  138  8:20  Stalker  
  140  8:31  Stalker x3  
  138  8:43  Shield Battery  
  138  8:44  Stalker x3  
  138  8:47  Immortal (Chrono Boost)  
  148  8:53  Zealot x2  
  148  8:54  Zealot x3  
  158  8:58  Pylon x2  
  158  9:00  Pylon  
  154  9:04  Charge (Chrono Boost)  
  136  9:14  Stalker x4  
  136  9:16  Immortal (Chrono Boost)  
  120  9:39  Sentry  
  120  9:40  Protoss Ground Weapons Level 2 (Chrono Boost), Sentry, High Templar x2, Zealot x4  
  120  9:42  Nexus  
  120  9:44  Pylon  
  136  9:49  Archon  
  136  10:00  Warp Prism  
  136  10:04  High Templar x2  
  136  10:05  Zealot x4  
  150  10:09  Archon  
  150  10:12  Pylon  
  150  10:16  Zealot x2  
  154  10:27  High Templar  
  154  10:28  High Templar, Zealot x2  
  162  10:31  Nexus  
  162  10:32  Pylon  
  162  10:33  Archon  
  162  10:35  Pylon  
  162  10:37  High Templar x2  
  162  10:38  Zealot x2  
  170  10:43  Archon  
  170  10:50  Zealot x2  
  170  10:53  Photon Cannon  
  174  11:01  High Templar x2, Zealot x2  
  180  11:06  Archon  
  172  11:18  Probe x2  
  148  11:19  Zealot x4, Probe  
  148  11:23  Immortal  
  158  11:30  High Templar x2, Probe x2  
  161  11:35  Psionic Storm  
  137  11:40  Probe  
  137  11:43  Probe  
  131  11:48  Zealot x3  
  121  11:56  Probe  
  121  11:57  High Templar x2  
  121  12:01  Pylon  
  126  12:06  Zealot x3  
  132  12:22  High Templar x2  
  132  12:23  Zealot  
  132  12:24  Shield Battery  
  132  12:28  Archon  
  132  12:29  Zealot x4  
  144  12:30  Zealot  
  144  12:34  Probe  
  144  12:35  Probe x2  
  143  12:49  Probe x3 (Chrono Boost)  
  143  12:50  Probe (Chrono Boost)  
  139  12:57  High Templar x4  
  131  12:59  Pylon  
  131  13:00  Probe x3 (Chrono Boost)  
  131  13:01  Archon x2, Probe (Chrono Boost)  
  131  13:04  Probe (Chrono Boost)  
  131  13:05  Probe (Chrono Boost)  
  134  13:07  Pylon  
  134  13:13  Probe  
  119  13:26  High Templar, Stalker  
  119  13:27  High Templar  
  113  13:29  Probe  
  113  13:31  Probe  
  113  13:32  High Templar  
  109  13:35  Probe  
  109  13:37  Assimilator x2, Probe  
  109  13:41  Probe  
  109  13:44  Zealot x3  
  109  13:47  Probe x2  
  116  13:52  Pylon  
  116  13:53  Immortal (Chrono Boost)  
  120  13:57  Probe  
  120  13:58  Probe  
  120  14:02  Shield Battery x2  
  122  14:03  High Templar x3  
  122  14:04  Zealot x4  
  136  14:19  Zealot  
  136  14:26  Archon  
  136  14:27  Archon  
  136  14:28  Probe  
  123  14:35  High Templar x3  
  129  14:39  High Templar x2  
  127  14:48  Probe x3 (Chrono Boost)  
  112  14:54  High Templar x2, Zealot  
  112  14:58  Probe (Chrono Boost)  
  118  15:00  Probe (Chrono Boost)  
  118  15:04  Probe (Chrono Boost)  
  118  15:06  Photon Cannon  
  119  15:08  Archon  
  119  15:09  Photon Cannon  
  119  15:10  Photon Cannon  
  119  15:13  Photon Cannon  
  119  15:14  High Templar x2, Zealot x4  
  121  15:19  Archon  
  131  15:26  Immortal  
  133  15:41  Nexus  
  129  15:43  High Templar x2  
  129  15:44  Zealot, Archon  
  129  15:45  Archon  
  129  15:47  Zealot  
  129  15:48  Archon  
  129  15:56  Nexus  
  111  16:01  High Templar  
  111  16:02  High Templar x2  
Tags
 
Add a new tag
Caveats
  • Supply blocks, unpowered buildings, or Contaminate may cause inaccurate times.
  • Supply counts are checked every 10 seconds.